 Dungeon Crawl Stone Soup version 0.25.1-2-g60ff931df9 (webtiles) character file.

Game seed: 3500331118760696640

212 Curus the Cudgeler (level 5, -1/38 HPs)
             Began as a Demonspawn Gladiator on Oct 14, 2020.
             Was a Follower of Trog.
             Killed from afar by an orc wizard (4 damage)
             ... with a magic dart
             ... on level 4 of the Dungeon.
             The game lasted 00:14:48 (3758 turns).

Curus the Cudgeler (Demonspawn Gladiator)           Turns: 3758, Time: 00:14:50

Health: -1/38      AC:  5    Str: 14    XL:     5   Next: 58%
Magic:  0/14       EV: 13    Int: 11    God:    Trog [*.....]
Gold:   219        SH:  0    Dex: 16    Spells: 4/4 levels left

rFire    . . .     SeeInvis .   a - +1 flail
rCold    . . .     Gourm    .   (no shield)
rNeg     . . .     Faith    .   b - +0 leather armour
rPois    .         Spirit   +   c - +0 helmet
rElec    .         Reflect  .   l - +0 cloak
rCorr    .         Harm     .   (no gloves)
MR       .....     Clarity  +   (no boots)
Stlth    ++........             (no amulet)
HPRegen  0.12/turn              q - ring of magical power
MPRegen  0.14/turn              (no ring)

@: berserk cooldown, slowed, very slow
A: clarity, clever 1, nightstalker 1, magic shield
a: Berserk, Renounce Religion


You were on level 4 of the Dungeon.
You worshipped Trog.
Trog was aware of your devotion.
You were hungry.

You visited 1 branch of the dungeon, and saw 4 of its levels.

You collected 219 gold pieces.

Inventory:

Hand Weapons
 a - a +1 flail (weapon)
Missiles
 d - 2 throwing nets (quivered)
Armour
 b - a +0 leather armour (worn)
 c - a +0 helmet (worn)
 g - a +0 plate armour
 l - a +0 cloak (worn)
Jewellery
 q - a ring of magical power (left hand)
Wands
 o - a wand of paralysis (8)
Scrolls
 h - a scroll of amnesia
 j - a scroll of teleportation
 k - a scroll of remove curse
 n - 3 scrolls of identify
 p - a scroll of magic mapping
Potions
 e - 3 potions of curing
 i - 5 potions of brilliance
 m - a potion of flight
Comestibles
 f - 6 rations
 s - 2 chunks of flesh


   Skills:
 - Level 2.0 Fighting
 + Level 5.8 Maces & Flails
 - Level 1.7 Throwing
 - Level 2.6 Dodging


You had 4 spell levels left.
You didn't know any spells.
Your spell library was empty.

Dungeon Overview and Level Annotations

Branches:
Dungeon (4/15)
 Temple: D:4-7

Altars:
Cheibriados
Makhleb
Sif Muna
Trog
Uskayaw
Vehumet
Yredelemnul


Innate Abilities, Weirdness & Mutations

You are slightly more attuned to the shadows.
When hurt, damage is shared between your health and your magic reserves.
You possess an exceptional clarity of mind.
Your mind is acute. (Int +2)


Message History

The orc wizard is severely wounded.
The orc misses you. The orc wizard casts a spell at you.
The magic dart hits you.
* * * LOW HITPOINT WARNING * * *
Your leather armour prevents you from hitting the orc wizard.
The orc wizard is severely wounded.
The orc closely misses you.
The orc wizard gestures wildly while chanting.
The orc wizard blinks!
The orc hits you with a +0 club.
* * * LOW HITPOINT WARNING * * *
The orc wizard gestures at you while chanting.
The puff of flame misses you.
You feel a strong urge to attack something.
You are no longer berserk.
You are exhausted.
You feel yourself slow down.
The orc wizard gestures at you while chanting.
The magic dart hits you.
You die...

#.#........#...#
#.#........#...#
#.#........#...#...
#.#........#...#...#
#.#.................
#.#'###............# ..
#...).)...<........#
o...#######............#
........o@.............###
....o...).................
..........o........รท...#
........o).............#
.#####..####..##########
#..# #.... #... #....# #.
+ ...# #


You could see 2 orc wizards and 2 orcs.

Vanquished Creatures
  An orc priest (D:4)
  2 orc wizards (D:4)
  An iguana (D:4)
  A gnoll (D:1)
  2 adders
  A shadow imp (D:3)
  A dart slug (D:3)
  A leopard gecko (D:1)
  2 orcs (D:4)
  A giant cockroach (D:3)
  8 goblins
  8 hobgoblins
  6 jackals (D:4)
  10 kobolds
  3 quokkas
  4 bats
  4 frilled lizards
  7 rats
63 creatures vanquished.

Notes
Turn   | Place    | Note
-------+----------+-------------------------------------------
     0 | D:1      | Curus the Demonspawn Gladiator began the quest for the Orb.
     0 | D:1      | Reached XP level 1. HP: 16/16 MP: 1/1
   214 | D:1      | Reached skill level 3 in Maces & Flails
   355 | D:1      | Gained mutation: You are slightly more attuned to the
                  | shadows. [demonic ancestry]
   355 | D:1      | Reached XP level 2. HP: 8/22 MP: 2/2
  1064 | D:2      | Reached XP level 3. HP: 14/27 MP: 3/3
  1236 | D:2      | Reached skill level 4 in Maces & Flails
  1815 | D:2      | Found a snail-covered altar of Cheibriados.
  1815 | D:2      | Found a radiant altar of Vehumet.
  1816 | D:2      | Found a basalt altar of Yredelemnul.
  1973 | D:2      | Found a shimmering blue altar of Sif Muna.
  2684 | D:3      | Found a hide-covered altar of Uskayaw.
  2685 | D:3      | Found a bloodstained altar of Trog.
  2689 | D:3      | Became a worshipper of Trog the Wrathful
  2718 | D:3      | Found a burning altar of Makhleb.
  2924 | D:3      | Reached XP level 4. HP: 33/33 MP: 4/4
  3523 | D:4      | Gained mutation: You possess an exceptional clarity of
                  | mind. [potion of mutation]
  3523 | D:4      | Gained mutation: Your mind is acute. (Int +2) [potion of
                  | mutation]
  3546 | D:4      | Reached skill level 5 in Maces & Flails
  3547 | D:4      | Gained mutation: When hurt, damage is shared between your
                  | health and your magic reserves. [demonic ancestry]
  3547 | D:4      | Reached XP level 5. HP: 26/38 MP: 5/5
  3550 | D:4      | Reached * piety under Trog
  3758 | D:4      | Killed from afar by an orc wizard

Illustrated notes

Levels and vault maps discovered:
D:1:      ncdulo_lavacross, layout_loops_ring
D:2:      layout_loops_ring, lemuel_coloured_pillars_altar,
          gammafunk_temple_overflow_claw, first_ration, st_stairs_3,
          minmay_misc_feat_roman, skrybe_limestone_x
D:3:      layout_loops_ring, gammafunk_temple_overflow_statue, bloody_makhleb
D:4:      layout_basic, grunt_temple_overflow_opulence, kiku_gazebo_pond_becter,
          okawaru_gym_becter, serial_shops, shop_statue

Skill      XL: |  1  2  3  4 |
---------------+-------------+-----
Maces & Flails | 3 4 5 |  5.8
Fighting       | |  2.0
Throwing       | |  1.7
Dodging        | |  2.6

Action                   |  1- 3 |  4- 6 || total
-------------------------+-------+-------++-------
Melee: Flail             |   147 |    68 ||   215
Throw: Throwing net      |     1 |       ||     1
Invok: Berserk           |       |     1 ||     1
  Use: Potion            |     7 |     2 ||     9
       Scroll            |    10 |       ||    10
 Stab: Sleeping          |     5 |       ||     5
  Eat: Chunk             |     6 |     3 ||     9
Armor: Leather armour    |    37 |    23 ||    60
       Skin              |     8 |       ||     8
Dodge: Dodged            |    92 |    60 ||   152
